Map: King's Cove LE

Players

Astrea

  • Race: Protoss Protoss
  • League: Grandmaster
  • Spawn Location: 11:00

Neeb - Winner!

  • Race: Protoss Protoss
  • League: Master
  • Spawn Location: 5:00

Event: 2019 WCS Winter Americas

VOD

Have the link to the VOD?

Description

Time

  • Played on: March 23, 2019, 2:08 p.m.
  • Length: 24:34

All games in this series

Show
View Real Time Build Order
Export as new Build Order

Astrea Protoss 

Build Orders: Oracle Opening 

Get SALT Encoding   

  12  0:00  Probe  
  13  0:13  Probe  
  14  0:18  Pylon  
  14  0:24  Probe  
  15  0:32  Probe  
  15  0:38  Gateway  
  15  0:40  Probe  
  16  0:46  Assimilator  
  17  0:50  Probe  
  17  0:55  Assimilator  
  18  0:58  Probe  
  19  1:07  Probe  
  20  1:14  Gateway  
  20  1:17  Probe  
  21  1:26  Cybernetics Core  
  21  1:29  Probe  
  22  1:42  Probe  
  23  1:47  Pylon  
  23  1:54  Warp Gate  
  23  2:05  Probe, Adept x2  
  28  2:09  Pylon  
  28  2:17  Stargate  
  28  2:20  Probe  
  29  2:36  Stalker x2  
  33  2:39  Probe  
  34  2:49  Shield Battery  
  34  2:51  Probe  
  34  2:55  Oracle  
  35  3:04  Probe  
  37  3:28  Probe  
  38  3:42  Probe  
  37  3:55  Probe  
  38  3:57  Nexus  
  38  3:58  Twilight Council  
  38  3:59  Pylon  
  38  4:07  Oracle, Probe  
  39  4:11  Pylon  
  39  4:15  Blink  
  39  4:19  Probe  
  39  4:20  Stalker  
  39  4:21  Stalker  
  47  4:28  Pylon  
  47  4:31  Probe  
  48  4:45  Probe  
  49  4:50  Stalker x2  
  53  4:57  Probe  
  54  5:05  Assimilator  
  54  5:09  Probe  
  54  5:13  Stalker  
  58  5:15  Stalker  
  58  5:18  Probe  
  60  5:21  Probe  
  61  5:30  Probe  
  61  5:33  Probe  
  61  5:42  Stalker x2, Probe  
  66  5:45  Probe  
  66  5:48  Robotics Facility  
  67  5:50  Assimilator  
  67  5:54  Probe  
  67  5:56  Pylon  
  68  5:57  Probe  
  68  6:03  Pylon  
  69  6:07  Probe  
  69  6:09  Stalker x2  
  74  6:12  Probe  
  75  6:19  Probe  
  76  6:28  Robotics Facility  
  76  6:37  Robotics Bay  
  76  6:38  Stalker x2  
  81  6:40  Observer  
  81  6:42  Pylon  
  81  7:00  Nexus  
  81  7:01  Gateway x2  
  81  7:06  Probe  
  82  7:14  Disruptor  
  82  7:16  Disruptor  
  82  7:28  Stalker x2  
  89  7:50  Probe  
  90  7:54  Disruptor x2  
  90  7:57  Stalker x3  
  100  8:03  Probe  
  101  8:06  Probe  
  101  8:07  Pylon  
  101  8:08  Pylon  
  101  8:12  Shield Battery x2  
  102  8:13  Shield Battery  
  102  8:15  Probe  
  103  8:26  Probe, Disruptor x2  
  98  8:28  Probe  
  105  8:34  Stalker  
  105  8:35  Stalker  
  105  8:38  Probe  
  105  8:40  Probe  
  112  8:48  Probe  
  112  8:50  Probe  
  113  9:00  Stalker  
  113  9:01  Stalker x3  
  113  9:02  Warp Prism  
  123  9:12  Disruptor  
  126  9:27  Stalker  
  126  9:29  Probe x3  
  131  9:34  Assimilator x2  
  131  9:36  Pylon  
  131  9:37  Pylon x2  
  131  9:41  Probe, Disruptor  
  133  9:54  Probe  
  133  9:55  Probe  
  133  9:57  Probe, Disruptor  
  139  10:06  Probe  
  138  10:08  Stalker x2, Probe  
  138  10:09  Probe  
  138  10:12  Gateway  
  138  10:13  Gateway x2  
  144  10:16  Disruptor  
  147  10:21  Forge  
  147  10:33  Nexus  
  147  10:34  Pylon  
  135  10:47  Protoss Ground Weapons Level 1  
  135  10:49  Disruptor  
  126  10:56  Stalker x4  
  135  10:59  Disruptor  
  135  11:03  Probe  
  135  11:04  Probe x2, Pylon  
  141  11:05  Pylon  
  141  11:06  Dark Shrine  
  141  11:08  Photon Cannon x2  
  141  11:11  Shield Battery  
  139  11:23  Stalker, Sentry  
  139  11:24  Stalker x4  
  120  12:09  Disruptor x2  
  120  12:11  Stalker x4  
  120  12:12  Stalker x3  
  120  12:13  Probe x2  
  120  12:14  Probe x2  
  127  12:17  Gravitic Drive  
  127  12:21  Protoss Ground Weapons Level 2  
  131  12:25  Probe  
  131  12:28  Assimilator, Probe x2  
  131  12:29  Probe  
  135  12:30  Assimilator  
  135  12:32  Resonating Glaives  
  134  12:38  Probe  
  134  12:39  Stalker  
  134  12:40  Stalker x6, Probe  
  134  12:41  Probe x2  
  144  12:49  Observer  
  144  12:51  Disruptor  
  144  12:56  Probe x4  
  152  13:03  Gateway  
  150  13:06  Gateway  
  150  13:09  Gateway  
  150  13:14  Adept x6  
  150  13:15  Adept  
  164  13:21  Observer  
  164  13:25  Templar Archives  
  165  13:35  Nexus  
  165  13:36  Dark Templar x2  
  165  13:37  Dark Templar  
  165  13:38  Dark Templar  
  173  13:48  Pylon  
  173  13:50  Gateway x2  
  173  13:58  Adept x4  
  173  14:00  Disruptor x2  
  187  14:07  Photon Cannon  
  187  14:09  Probe, Shield Battery  
  189  14:10  Probe  
  189  14:23  Stalker  
  189  14:24  Stalker x7  
  189  14:28  Observer  
  194  14:41  Disruptor x2  
  188  14:52  Stalker  
  188  14:53  Stalker x5  
  200  15:05  Photon Cannon  
  198  15:07  Photon Cannon x2  
  198  15:09  Protoss Ground Weapons Level 3  
  198  15:10  Photon Cannon  
  198  15:13  Photon Cannon  
  154  15:38  Adept x10  
  154  15:39  Adept x2  
  154  15:41  Probe x5  
  165  15:54  Shield Battery x2  
  165  16:03  High Templar x2  
  165  16:04  High Templar x2  
  166  16:05  Stalker x7  
  166  16:08  Archon x2  
  166  16:09  Pylon  
  175  16:25  Dark Templar  
  161  16:31  Stalker x7  
  129  16:40  Stalker x4  
  119  16:58  Assimilator  
  119  16:59  Assimilator  
  119  17:01  Adept  
  119  17:02  Adept x8  
  119  17:04  Dark Templar  
  119  17:07  Nexus  
  139  17:09  Archon  
  139  17:11  Stalker x2  
  143  17:26  Pylon  
  143  17:27  Stalker x8  
  159  17:32  Pylon  
  159  17:36  Stalker x3  
  165  17:39  Observer  
  166  17:46  Disruptor  
  169  17:58  Adept x7  
  169  17:59  Adept x4  
  169  18:00  Adept  
  193  18:06  Photon Cannon  
  193  18:07  Photon Cannon  
  193  18:12  Disruptor  
  192  18:37  Stalker x4  
  192  18:38  Stalker x3  
  192  18:40  Assimilator  
  194  18:42  Assimilator  
  171  18:58  Protoss Ground Armor Level 1  
  171  19:01  Disruptor x2  
  145  19:08  Adept x12  
  161  19:22  Pylon  
  161  19:25  Gravitic Boosters  
  161  19:29  Stalker  
  161  19:30  Stalker x11, Observer  
  186  19:45  Disruptor  
  183  19:57  Nexus  
  156  20:10  Adept x12  
  160  20:23  Disruptor x2  
  160  20:32  Adept x10  
  180  20:36  Pylon  
  179  20:58  Disruptor x2  
  185  21:07  Protoss Shields Level 1  
  173  21:19  Stalker x11  
  173  21:20  Stalker  
  185  21:28  Photon Cannon  
  185  21:30  Assimilator  
  183  21:36  Assimilator  
  183  21:43  Shadow Stride  
  178  21:48  Dark Templar x8  
  194  22:02  Stalker x2  
  194  22:03  Stalker  
  200  22:14  Nexus  
  180  22:21  Adept x4  
  180  22:22  Adept x5  
  172  22:33  Stalker x3  
  172  22:34  Disruptor  
  148  22:42  Disruptor  
  148  22:44  Stalker x9  
  158  22:59  Oracle  
  151  23:09  Adept x5  
  151  23:10  Adept x7  
  150  23:32  Stalker x5  
  150  23:33  Stalker x6  
  109  23:50  Adept x3  
  109  23:51  Adept x5  
  109  24:03  Stalker x4  
  117  24:12  Stalker x2  
  117  24:13  Stalker x6  
Show
View Real Time Build Order
Export as new Build Order

Neeb Protoss - Winner!

Build Orders: Phoenix Opening, Archon Immortal 

Get SALT Encoding   

  12  0:00  Probe  
  13  0:12  Probe  
  14  0:18  Pylon  
  14  0:23  Probe  
  15  0:32  Probe  
  15  0:38  Gateway  
  15  0:40  Probe  
  16  0:46  Assimilator  
  17  0:51  Probe  
  18  0:58  Assimilator  
  18  0:59  Probe  
  19  1:08  Probe  
  19  1:09  Gateway  
  20  1:19  Probe  
  21  1:26  Cybernetics Core  
  21  1:31  Probe  
  22  1:38  Pylon  
  22  1:43  Probe  
  23  1:53  Warp Gate  
  23  1:56  Probe  
  24  2:02  Adept x2  
  28  2:15  Pylon  
  28  2:33  Nexus  
  28  2:39  Sentry x2  
  28  2:42  Probe  
  33  2:52  Pylon  
  33  2:55  Probe  
  32  3:07  Probe  
  32  3:08  Forge  
  33  3:16  Shield Battery  
  33  3:19  Probe  
  34  3:26  Phoenix  
  34  3:31  Probe  
  33  3:35  Protoss Ground Weapons Level 1  
  33  3:41  Stalker x2  
  37  3:43  Probe  
  37  3:46  Probe  
  39  3:55  Probe  
  40  3:58  Probe  
  41  4:03  Stalker  
  41  4:06  Stalker  
  41  4:07  Probe  
  45  4:10  Probe  
  46  4:19  Probe  
  46  4:23  Robotics Facility  
  48  4:25  Stalker  
  48  4:28  Phoenix, Stalker  
  48  4:30  Probe  
  52  4:32  Probe  
  53  4:38  Pylon  
  53  4:42  Probe  
  53  4:45  Probe  
  55  4:50  Assimilator x2  
  55  4:52  Twilight Council  
  55  4:58  Stalker  
  57  5:02  Probe x2  
  57  5:07  Immortal, Pylon  
  60  5:14  Probe x2  
  65  5:27  Stalker  
  67  5:33  Stalker  
  69  5:39  Probe  
  69  5:40  Observer  
  71  5:45  Shield Battery  
  71  5:46  Protoss Ground Weapons Level 2, Shield Battery  
  73  5:58  Charge  
  73  6:00  Immortal  
  75  6:08  Gateway  
  75  6:12  Gateway  
  75  6:24  Adept  
  77  6:27  Pylon  
  77  6:28  Pylon  
  77  6:30  Pylon  
  77  6:33  Gateway  
  77  6:35  Gateway  
  77  6:40  Pylon  
  77  6:46  Pylon  
  77  6:53  Adept  
  79  6:55  Immortal  
  79  6:59  Templar Archives  
  83  7:05  Phoenix  
  83  7:12  Zealot x3  
  89  7:23  Photon Cannon  
  89  7:31  Pylon  
  89  7:34  Probe, Warp Prism  
  90  7:55  Probe  
  87  7:59  Probe  
  87  8:01  Stargate  
  87  8:03  Stargate  
  88  8:07  Probe  
  88  8:09  Nexus  
  88  8:10  Pylon  
  88  8:11  Probe  
  90  8:19  Probe  
  91  8:23  Protoss Ground Weapons Level 3  
  91  8:25  Nexus  
  91  8:26  Probe  
  88  8:31  Probe  
  89  8:38  Probe  
  89  8:39  Phoenix x2  
  90  8:45  Probe  
  91  8:55  High Templar x3  
  93  8:56  Zealot x2, High Templar  
  93  9:01  Phoenix x2  
  93  9:02  Archon x2  
  107  9:16  Immortal  
  107  9:18  Phoenix  
  109  9:33  Zealot x4  
  109  9:37  Zealot  
  109  9:38  Phoenix  
  119  9:40  Phoenix  
  115  9:48  Observer  
  115  9:59  Zealot x3  
  117  10:00  Phoenix  
  117  10:06  Phoenix  
  121  10:11  Zealot x2  
  123  10:21  Shield Battery  
  123  10:22  Pylon  
  123  10:26  Zealot x2, High Templar x2  
  131  10:31  Archon  
  131  10:34  Phoenix  
  131  10:35  Phoenix  
  125  10:51  Phoenix  
  125  10:52  Phoenix  
  125  10:55  Warp Prism  
  125  10:59  Probe x2  
  125  11:01  Assimilator  
  125  11:04  Assimilator, Protoss Shields Level 1, Probe  
  132  11:11  Probe x2  
  133  11:19  Nexus  
  133  11:20  Pylon  
  133  11:28  Phoenix  
  133  11:29  Phoenix  
  133  11:31  Observer  
  138  11:41  Zealot x5  
  144  11:53  Phoenix  
  124  11:54  Phoenix  
  124  11:59  Stalker  
  96  12:16  Immortal  
  96  12:18  Phoenix  
  96  12:19  Gateway  
  96  12:20  Probe x3  
  107  12:30  Gateway  
  107  12:32  Probe x3  
  101  12:43  Probe  
  102  12:44  Assimilator  
  102  12:45  Probe  
  102  12:46  Protoss Air Weapons Level 1  
  102  12:47  Probe  
  102  12:48  Assimilator, Fleet Beacon  
  104  12:51  Sentry, High Templar  
  104  12:52  High Templar  
  110  13:03  Phoenix x2  
  110  13:04  Archon  
  110  13:05  Zealot x3, Immortal  
  116  13:12  Anion Pulse-Crystals  
  120  13:17  Zealot x2  
  128  13:26  Photon Cannon  
  128  13:28  Shield Battery  
  128  13:29  High Templar  
  128  13:30  High Templar  
  128  13:34  Archon  
  132  13:40  Zealot x3  
  138  13:44  High Templar x2  
  138  13:48  Probe x3  
  144  13:49  Probe, Archon  
  144  13:51  Phoenix  
  144  13:54  Phoenix  
  152  14:05  Zealot  
  152  14:13  Zealot x3, High Templar x2  
  160  14:24  Phoenix x2  
  160  14:29  Observer  
  162  14:34  Photon Cannon  
  163  14:53  Photon Cannon  
  163  14:55  Archon  
  163  14:57  Photon Cannon  
  163  14:58  Pylon  
  163  15:00  Pylon  
  163  15:01  Photon Cannon  
  163  15:03  Pylon  
  163  15:05  Shield Battery  
  163  15:10  Nexus  
  163  15:12  Observer  
  164  15:17  High Templar x4  
  167  15:21  Archon  
  167  15:22  Archon  
  139  15:31  Warp Prism  
  133  15:39  High Templar x2, Photon Cannon  
  133  15:40  High Templar x2  
  133  15:42  Photon Cannon  
  141  15:44  Archon x2  
  141  15:49  High Templar x2  
  145  15:50  Zealot  
  145  15:52  Probe x4  
  145  15:55  Archon  
  151  16:04  Probe x2  
  153  16:16  Zealot  
  153  16:17  Zealot x5  
  139  16:30  Zealot x2  
  108  16:43  Observer  
  98  16:53  Immortal  
  98  16:54  High Templar x4  
  89  16:58  Archon  
  95  17:01  Zealot x4  
  95  17:03  Phoenix x2  
  95  17:05  Archon  
  95  17:06  Probe x4  
  95  17:07  Probe  
  116  17:18  Probe x2  
  116  17:19  Immortal, Probe  
  119  17:23  Zealot, Sentry, High Templar  
  119  17:27  Zealot, High Templar  
  119  17:28  Zealot x3, Phoenix x2  
  135  17:32  Archon  
  143  17:41  Pylon  
  143  17:56  Zealot x5, High Templar x2  
  157  18:00  Archon  
  157  18:05  Phoenix x2  
  161  18:10  Zealot  
  163  18:16  Zealot  
  163  18:17  Zealot x4  
  172  18:30  Zealot  
  172  18:32  Zealot  
  172  18:33  Zealot  
  172  18:39  High Templar x2  
  172  18:40  Zealot x2, High Templar  
  176  18:45  Archon  
  149  19:01  Zealot x5, Phoenix  
  149  19:02  Phoenix  
  147  19:07  Probe x2  
  147  19:08  Immortal  
  139  19:10  Probe  
  139  19:11  Probe  
  139  19:12  Probe  
  140  19:19  Probe  
  140  19:20  Probe  
  140  19:23  Probe, Mothership  
  147  19:25  Probe x2  
  147  19:26  Assimilator  
  147  19:28  Assimilator  
  147  19:30  High Templar  
  147  19:31  Zealot x5  
  161  19:36  Archon  
  169  19:52  Zealot x3  
  171  19:53  Zealot x3  
  171  19:54  Zealot  
  148  20:11  Immortal  
  148  20:12  Phoenix x2  
  146  20:17  Protoss Air Weapons Level 2  
  144  20:24  Zealot x8  
  160  20:32  Probe, Shield Battery  
  160  20:35  Shield Battery  
  161  20:36  Shield Battery  
  161  20:45  High Templar x4  
  169  20:50  Zealot x3, Sentry  
  169  20:52  Archon  
  177  20:59  Archon  
  175  21:08  Nexus  
  174  21:11  Pylon  
  174  21:13  Warp Prism  
  168  21:25  Phoenix x2  
  173  21:29  High Templar x2  
  173  21:30  Zealot x3, High Templar x2  
  187  21:34  Archon x2  
  180  21:52  Phoenix x2  
  184  21:57  High Templar x2  
  184  21:58  Zealot  
  190  22:02  Archon  
  190  22:08  Observer  
  169  22:27  Observer  
  169  22:28  Nexus  
  166  22:39  Pylon  
  166  22:42  Zealot x8  
  180  22:53  Phoenix x2  
  176  23:11  Zealot x8  
  188  23:16  Observer  
  171  23:33  Zealot x8  
  163  23:48  Photon Cannon  
  163  23:49  Photon Cannon  
  163  23:50  Shield Battery  
  163  23:52  Shield Battery x2  
  163  23:53  Probe x3  
  162  23:58  Observer  
Tags
 
Add a new tag
Caveats
  • Supply blocks, unpowered buildings, or Contaminate may cause inaccurate times.
  • Supply counts are checked every 10 seconds.